 Dungeon Crawl Stone Soup version 0.16-a0-3911-g06eb01e (webtiles) character file.

963 abixa the Fortune-Teller (level 8, -6/54 HPs)
             Began as a Human Artificer on Feb 3, 2015.
             Was a Believer of Nemelex Xobeh.
             Mangled by a hill giant
             ... wielding a +0 giant club
              (25 damage)
             ... on level 5 of the Dungeon.
             The game lasted 00:27:34 (7367 turns).

abixa the Fortune-Teller (Human Artificer)          Turns: 7367, Time: 00:27:34

Health: -6/54      AC: 10    Str: 11    XL:     8   Next: 37%
Magic:  20/20      EV: 11    Int: 13    God:    Nemelex Xobeh [**....]
Gold:   243        SH:  3    Dex: 16    Spells: 0 memorised, 7 levels left

rFire  . . .     SeeInvis .     a - +2 whip (flame)
rCold  + . .     Clarity  .     v - +2 ring mail {rC+}
rNeg   . . .     SustAb   .     u - +0 buckler
rPois  .         Gourm    .     W - +1 helmet
rElec  .         Spirit   .     (no cloak)
rCorr  .         Warding  .     X - +0 pair of gloves
rMut   .         Stasis   .     (no boots)
MR     .....                    (no amulet)
Stlth  +.........               (no ring)
                                (no ring)

@: not resistant to hostile enchantments, very unstealthy
A: no striking features
a: Renounce Religion


You were on level 5 of the Dungeon.
You worshipped Nemelex Xobeh.
Nemelex Xobeh was pleased with you.
You were not hungry.

You visited 2 branches of the dungeon, and saw 6 of its levels.

You collected 243 gold pieces.

Inventory:

Hand weapons
 a - a +2 whip of flaming (weapon)
 b - a +0 blowgun
 I - a +0 trident
 L - a +0 short sword
Missiles
 g - 122 stones (quivered)
 l - 22 arrows
 t - 34 sling bullets
 B - 38 poisoned needles
 R - 19 bolts
 U - 16 bolts of flame
Armour
 e - a +0 leather armour
 u - a +0 buckler (worn)
 v - a +2 ring mail of cold resistance (worn)
 T - a +0 chain mail
 W - a +1 helmet (worn)
 X - a +0 pair of gloves (worn)
Jewellery
 p - a +2 ring of evasion {unknown}
Magical devices
 c - a wand of enslavement (15)
 d - a wand of random effects (10)
 C - a wand of flame (4)
 E - a wand of frost (8)
 G - a wand of confusion (0)
 O - a wand of digging (16)
 S - a wand of digging (13)
 Y - a wand of paralysis (16)
Scrolls
 h - 11 scrolls of identify {unknown}
 i - 5 scrolls of immolation {unknown}
 m - 2 scrolls of blinking {unknown}
 q - 3 scrolls of enchant armour {unknown}
 s - 3 scrolls of remove curse {unknown}
 w - 2 scrolls of fear {unknown}
 x - a scroll of random uselessness {unknown}
 y - a scroll of fog {unknown}
 D - a scroll of amnesia {unknown}
Potions
 j - 4 potions of curing {unknown}
 n - 2 potions of brilliance {unknown}
 z - 2 potions of magic {unknown}
 A - a potion of flight {unknown}
 H - 2 potions of invisibility {unknown}
 J - a potion of agility {unknown}
 K - a potion of restore abilities {unknown}
 N - 2 potions of ambrosia {unknown}
 Q - a potion of cure mutation {unknown}
Books
 M - a book of the Tempests

   Spells                             Type                      Level
   a - Static Discharge               Conjuration/Air              3
   b - Lightning Bolt                 Conjuration/Air              5
   c - Fireball                       Conjuration/Fire             5
   d - Tornado                        Air                          9
   e - Shatter                        Earth                        9
Miscellaneous
 o - an ornate deck of destruction
 F - a plain deck of war {drawn: 1}
 P - a legendary deck of war
 V - a plain deck of war {drawn: 1}
 Z - an ornate deck of war
Comestibles
 f - 2 bread rations
 k - 3 meat rations
 r - 2 slices of pizza


   Skills:
 - Level 1.0 Fighting
 - Level 1.0 Short Blades
 - Level 3.7 Dodging
 - Level 1.0 Stealth
 + Level 9.8 Evocations


You had 7 spell levels left.
You didn't know any spells.

Dungeon Overview and Level Annotations

Branches:
Dungeon (5/15)             Temple (1/1) D:5

Altars:
Ashenzari
Cheibriados
Dithmenos
Elyvilon
Fedhas
Gozag
Kikubaaqudgha
Nemelex Xobeh
Okawaru
Ru
Sif Muna
Trog
Vehumet
Xom
Yredelemnul
Zin
The Shining One

Annotations:
D:1 fly for potion
D:4 Eustachio, Sigmund


Message History

The hill giant closely misses you.
You hit the hill giant. You burn the hill giant.
The hill giant is lightly wounded.
Your enchanted quarterstaff hits the hill giant!
The hill giant hits you with a giant club!!
You hit the hill giant but do no damage.
The hill giant is moderately wounded.
Your enchanted quarterstaff hits the hill giant.
You hit the hill giant. You burn the hill giant.
The hill giant is moderately wounded.
The hill giant barely misses you.
Your enchanted quarterstaff hits the hill giant!
You hit the hill giant. You burn the hill giant.
The hill giant is heavily wounded.
The hill giant hits you with a giant club!
You hit the hill giant. You burn the hill giant.
The hill giant is heavily wounded.
The hill giant hits you with a giant club!!
You die...
Your body disappears without a glow.

..## #..##....###.# ### ...#
###.####....##.##### ##.##
###....# #...........#
###.###...#..###......######
##.....###..#....#.##
#...### ##........# ##.##
##......## ##..# #...(..##
#...## ##..@C..## ##....##
#..####..##
#..#...#####..##.....##
##............###C####.#
##......###...## #.# #.##
#....#### ########.# #.#
...###### #C#.#..###.#
........##.C.#.###.#..##
.#......##.####.#..#...#


You could see a hill giant and a friendly enchanted quarterstaff.

Vanquished Creatures
  An ice beast (D:5)
  2 sky beasts (D:5)
  Duvessa (D:4)
  2 scorpions
  A crimson imp (D:5)
  An orc priest (D:5)
  3 orc wizards (D:5)
  2 worker ants
  Ijyb (D:2)
  Jessica (D:2)
  7 adders
  4 gnolls
  3 worms
  2 giant geckos
  7 orcs
  2 ball pythons
  A bat skeleton (D:4)
  12 hobgoblins
  13 kobolds
  3 quokkas
  13 bats
  6 giant cockroaches
  A giant gecko skeleton (D:4)
  2 giant newts
  10 goblins
  8 jackals
  A quokka zombie (D:5)
  20 rats
130 creatures vanquished.

Vanquished Creatures (collateral kills)
  Dowan (D:4)
  A ball python (D:4)
2 creatures vanquished.

Grand Total: 132 creatures vanquished

Notes
Turn   | Place    | Note
--------------------------------------------------------------
     0 | D:1      | abixa, the Human Artificer, began the quest for the Orb.
     0 | D:1      | Reached XP level 1. HP: 15/15 MP: 1/1
    76 | D:1      | Reached XP level 2. HP: 1/21 MP: 3/3
   645 | D:1      | Reached skill level 4 in Evocations
   716 | D:1      | Reached XP level 3. HP: 14/26 MP: 5/5
   726 | D:1      | HP: 1/26 [goblin/club (5)]
  1120 | D:1      | Found a sparkling altar of Nemelex Xobeh.
  1128 | D:1      | Became a worshipper of Nemelex Xobeh the Trickster
  1292 | D:1      | Received a gift from Nemelex Xobeh
  1537 | D:2      | Noticed Jessica
  1551 | D:2      | Killed Jessica
  1551 | D:2      | Reached XP level 4. HP: 32/32 MP: 7/7
  1699 | D:2      | Reached skill level 5 in Evocations
  2216 | D:2      | Noticed Ijyb
  2256 | D:2      | Killed Ijyb
  2458 | D:2      | Reached XP level 5. HP: 33/37 MP: 9/9
  3088 | D:3      | Reached skill level 6 in Evocations
  3734 | D:3      | Received a gift from Nemelex Xobeh
  3857 | D:3      | Reached XP level 6. HP: 38/43 MP: 12/12
  4234 | D:3      | Noticed a moth of wrath
  4236 | D:3      | Found a bloodstained altar of Trog.
  4430 | D:4      | Noticed Sigmund
  4430 | D:4      | Noticed Eustachio
  4937 | D:4      | Found a radiant altar of Vehumet.
  5072 | D:4      | Received a gift from Nemelex Xobeh
  5075 | D:4      | Noticed Duvessa
  5100 | D:4      | Killed Duvessa
  5100 | D:4      | Reached skill level 7 in Evocations
  5100 | D:4      | Reached XP level 7. HP: 18/48 MP: 13/15
  5302 | D:4      | Noticed Dowan
  5324 | D:4      | Killed Dowan
  5609 | D:5      | Entered Level 5 of the Dungeon
  5628 | D:5      | Found a staircase to the Ecumenical Temple.
  5639 | Temple   | Entered the Ecumenical Temple
  5962 | D:5      | Found a shadowy altar of Dithmenos.
  5998 | D:5      | Received a gift from Nemelex Xobeh
  6026 | D:5      | Reached skill level 8 in Evocations
  6032 | D:5      | Found an iron altar of Okawaru.
  6137 | D:5      | Reached XP level 8. HP: 54/54 MP: 16/18
  6456 | D:5      | Found a snail-covered altar of Cheibriados.
  6463 | D:5      | Reached skill level 9 in Evocations
  7046 | D:5      | Received a gift from Nemelex Xobeh
  7341 | D:5      | Noticed a hill giant
  7367 | D:5      | Mangled by a hill giant

Action                   |  1- 3 |  4- 6 |  7- 9 || total
-------------------------+-------+-------+-------++-------
Melee: Short sword       |   133 |   251 |       ||   384
       Whip              |       |    26 |   124 ||   150
 Fire: Blowgun           |       |    13 |    20 ||    33
Throw: Stone             |    27 |    10 |     1 ||    38
Evoke: Wand              |       |    12 |    16 ||    28
       Deck              |       |       |     2 ||     2
 Stab: Sleeping          |     3 |     2 |     1 ||     6
  Eat: Chunk             |     2 |    12 |     5 ||    19
       Beef jerky        |       |       |     1 ||     1
